Map: 2000 Atmospheres LE

Players

Epic - Winner!

  • Race: Terran Terran
  • League: Grandmaster

JonSnow

  • Race: Zerg Zerg
  • League: Master

Event: DreamHack SC2 Masters 2021 Summer

VOD

Have the link to the VOD?

Description

Time

  • Played on: May 25, 2021, 4:46 p.m.
  • Length: 13:15

All games in this series

Show
View Real Time Build Order
Export as new Build Order

Epic Terran - Winner!

Build Orders: Reaper Expand, Hellion Banshee 

Get SALT Encoding   

  12  0:00  SCV  
  13  0:12  SCV  
  14  0:16  Supply Depot  
  14  0:24  SCV  
  15  0:38  SCV  
  15  0:39  Barracks  
  15  0:42  Refinery  
  16  0:50  SCV  
  17  1:02  SCV  
  18  1:14  SCV  
  19  1:26  Reaper, Orbital Command  
  20  1:38  Command Center  
  20  1:46  Supply Depot  
  20  1:52  SCV  
  21  1:58  Marine  
  22  2:04  SCV  
  23  2:10  Factory  
  23  2:11  Refinery  
  23  2:16  SCV  
  23  2:21  Barracks Reactor  
  24  2:28  SCV  
  24  2:40  SCV  
  25  2:51  Orbital Command  
  25  2:52  SCV  
  25  2:56  Starport  
  26  3:01  Hellion x2  
  26  3:04  SCV  
  31  3:08  Barracks Tech Lab  
  31  3:11  Supply Depot  
  31  3:16  SCV  
  31  3:17  SCV  
  33  3:22  Hellion x2  
  37  3:29  SCV x2  
  39  3:37  Banshee, Cloaking Field  
  42  3:41  SCV x2  
  42  3:45  Hellion  
  42  3:46  Hellion  
  48  3:49  Supply Depot  
  48  3:53  SCV  
  48  3:54  SCV  
  50  3:59  Barracks Tech Lab  
  50  4:09  SCV x2  
  52  4:16  Command Center  
  52  4:19  Command Center  
  52  4:21  SCV x2, Banshee  
  57  4:26  Stimpack  
  57  4:32  Supply Depot  
  57  4:33  SCV x2  
  57  4:36  Barracks  
  59  4:41  Factory Reactor  
  59  4:43  Barracks  
  59  4:45  SCV x2  
  61  4:47  Supply Depot  
  61  4:56  Engineering Bay  
  61  4:57  SCV x2, Engineering Bay  
  61  4:59  Marine  
  62  5:09  SCV x2  
  64  5:16  Starport Reactor  
  64  5:19  Refinery  
  64  5:20  Refinery  
  64  5:21  Marine  
  64  5:22  SCV  
  64  5:23  SCV  
  64  5:25  Terran Infantry Armor Level 1, Terran Infantry Weapons Level 1  
  64  5:26  Marine x2, Supply Depot  
  69  5:32  Siege Tank  
  69  5:34  SCV  
  69  5:35  Orbital Command, SCV  
  74  5:38  Marine x2  
  74  5:39  Marine  
  77  5:46  SCV  
  77  5:47  SCV, Barracks  
  77  5:49  Marine x2  
  81  5:53  Medivac  
  81  5:55  Barracks  
  83  5:59  SCV x2, Orbital Command  
  83  6:01  Medivac  
  83  6:02  Marine x3  
  90  6:06  Marine  
  90  6:11  SCV x2  
  92  6:13  Marine  
  94  6:19  Marine  
  94  6:20  Marine, Siege Tank  
  94  6:23  SCV x2  
  98  6:25  Supply Depot  
  98  6:26  Medivac, Supply Depot  
  98  6:27  SCV  
  101  6:37  Barracks Reactor  
  101  6:40  Supply Depot, Combat Shield  
  101  6:41  Supply Depot  
  101  6:44  Supply Depot  
  101  6:45  Marine  
  101  6:46  SCV x2  
  101  6:47  SCV, Marine  
  101  6:49  Supply Depot  
  101  6:53  Barracks Reactor  
  103  6:54  Marine x2  
  103  6:55  Marine  
  103  6:58  SCV x2  
  103  6:59  SCV  
  103  7:00  Siege Tank  
  112  7:03  Marine  
  112  7:04  Marine  
  113  7:10  SCV x2  
  113  7:12  Marine x3  
  111  7:19  Marine x2  
  111  7:21  Marine  
  111  7:22  Marine  
  105  7:24  Barracks  
  105  7:25  Missile Turret  
  105  7:26  Barracks, Missile Turret  
  105  7:27  Medivac  
  105  7:28  Medivac  
  105  7:29  Barracks  
  108  7:30  Marine x2  
  108  7:32  Armory  
  108  7:36  Marine x3  
  113  7:37  Marine x2  
  113  7:39  Marine  
  113  7:42  Missile Turret  
  114  7:45  Marine  
  114  7:48  Marine x2  
  110  7:51  SCV x3  
  110  7:52  Siege Tank  
  110  7:54  Marine x3  
  110  7:55  Marine  
  120  8:01  Marine x2  
  120  8:03  Marine  
  123  8:05  Medivac x2  
  123  8:06  Marine x2  
  123  8:10  Supply Depot  
  123  8:11  Supply Depot  
  123  8:12  Marine x3  
  132  8:13  Marine  
  132  8:16  Marine x3  
  132  8:19  Marine x2  
  138  8:20  Terran Infantry Weapons Level 2  
  138  8:21  Marine  
  138  8:23  Marine  
  138  8:24  Marine  
  141  8:30  Marine x4  
  145  8:34  Terran Infantry Armor Level 2, Marine x3  
  145  8:36  Marine x2  
  145  8:39  Marine  
  145  8:41  Marine x2  
  145  8:47  Marine  
  145  8:48  Marine x3  
  142  8:50  Siege Tank  
  142  8:52  Marine x3  
  142  8:53  Command Center  
  142  8:54  Marine x2  
  141  8:57  Marine  
  141  8:59  Marine x2  
  139  9:05  Marine x3, Medivac  
  139  9:06  Marine  
  139  9:09  Marine  
  144  9:10  Marine  
  144  9:14  Marine x4  
  144  9:17  Marine x2  
  144  9:23  Marine x3  
  123  9:25  Marine  
  123  9:26  Siege Tank  
  123  9:27  Marine x2  
  129  9:31  Supply Depot  
  129  9:32  Marine x4, Supply Depot x2  
  129  9:35  Marine x2  
  129  9:37  Medivac x2  
  139  9:41  Marine x3  
  139  9:43  Marine  
  139  9:45  Marine x2  
  143  9:50  Marine x4  
  143  9:51  Supply Depot x2  
  149  9:53  Marine x2  
  149  9:59  Marine x3  
  154  10:01  Marine, Missile Turret  
  154  10:03  Marine x2  
  154  10:06  Supply Depot  
  157  10:07  Medivac x2, Supply Depot  
  157  10:08  Marine x3, Siege Tank  
  167  10:20  Refinery  
  167  10:21  Refinery  
  167  10:22  Factory  
  167  10:26  Marine x7  
  167  10:27  Barracks Tech Lab x2  
  170  10:41  Barracks Tech Lab, Marine x2  
  170  10:42  Medivac x2  
  176  10:44  Marine x3  
  165  10:59  SCV x2  
  165  11:00  SCV  
  166  11:07  Drilling Claws, Factory Reactor, Thor  
  168  11:19  Marauder, Marine  
  168  11:20  Marauder x3, Marine x7  
  179  11:28  SCV x3  
  179  11:29  Planetary Fortress  
  179  11:30  Missile Turret  
  178  11:33  Missile Turret  
  178  11:37  Marine x3  
  156  11:48  Marauder x3, Marine x6  
  156  11:50  Siege Tank  
  148  11:55  Marine x3  
  148  11:57  Medivac  
  148  11:59  Widow Mine x2  
  142  12:05  Marine  
  142  12:06  Marine x5  
  136  12:09  Marine  
  136  12:13  Marine x5  
  137  12:16  Medivac  
  137  12:20  Widow Mine  
  137  12:21  Widow Mine  
  137  12:23  Marine x5  
  137  12:29  Medivac  
  144  12:34  Marauder, Marine x2  
  144  12:35  Marauder  
  150  12:38  Marine x3  
  150  12:40  Widow Mine  
  150  12:41  Marine  
  158  12:44  Widow Mine x2  
  158  12:47  Command Center  
  158  12:48  Marine x4  
  164  12:52  Marine x2  
Show
View Real Time Build Order
Export as new Build Order

JonSnow Zerg 

Build Orders: Hatch First, Muta Ling Bane 

Get SALT Encoding   

  12  0:01  Drone  
  13  0:12  Overlord  
  13  0:19  Drone  
  14  0:32  Drone x2  
  16  0:49  Hatchery  
  15  0:53  Drone  
  15  0:55  Drone  
  17  1:00  Drone  
  18  1:07  Extractor  
  17  1:15  Spawning Pool  
  17  1:17  Drone  
  17  1:21  Drone  
  18  1:31  Drone  
  19  1:38  Drone  
  20  1:49  Overlord  
  20  2:01  Queen x2  
  20  2:02  Zergling x4  
  26  2:12  Zergling x2  
  26  2:14  Drone  
  28  2:28  Hatchery  
  26  2:35  Metabolic Boost  
  26  2:36  Drone x2  
  28  2:41  Drone x2  
  30  2:48  Queen  
  32  2:53  Overlord  
  32  3:05  Overlord  
  32  3:06  Queen  
  32  3:07  Drone  
  32  3:12  Drone x2  
  37  3:13  Drone  
  37  3:15  Drone  
  37  3:18  Drone  
  40  3:22  Drone x2  
  42  3:28  Queen  
  44  3:36  Overlord  
  44  3:39  Queen  
  46  3:45  Drone x3  
  46  3:47  Drone  
  50  3:52  Drone x3  
  50  3:53  Drone  
  54  3:59  Overlord  
  54  4:04  Drone x4  
  56  4:12  Lair  
  56  4:14  Drone x2  
  56  4:15  Extractor  
  56  4:16  Drone x2, Extractor  
  58  4:24  Overlord  
  58  4:26  Zergling x8  
  58  4:27  Drone  
  63  4:32  Queen  
  63  4:34  Zergling x4  
  67  4:40  Overlord  
  67  4:46  Queen  
  67  4:48  Drone x6  
  67  4:50  Extractor  
  67  4:52  Drone x2  
  76  4:54  Drone  
  76  4:55  Drone  
  76  4:58  Spore Crawler  
  76  4:59  Spore Crawler  
  76  5:01  Spore Crawler  
  76  5:05  Drone x3  
  78  5:08  Zergling x4  
  78  5:10  Overseer  
  78  5:12  Drone  
  81  5:14  Extractor  
  81  5:15  Extractor  
  81  5:16  Drone x2  
  81  5:21  Drone  
  82  5:24  Drone  
  82  5:25  Overlord  
  83  5:30  Spire  
  83  5:33  Drone x5  
  83  5:34  Baneling Nest  
  87  5:35  Drone  
  87  5:40  Overlord  
  87  5:42  Overlord  
  86  5:43  Zergling x2  
  86  5:44  Zergling x2  
  86  5:52  Drone x4  
  86  5:55  Drone  
  86  5:57  Drone x3  
  91  6:13  Hatchery  
  91  6:17  Drone x3  
  92  6:20  Centrifical Hooks  
  92  6:23  Overlord  
  92  6:31  Overlord  
  92  6:33  Drone  
  92  6:34  Drone x2  
  92  6:35  Evolution Chamber x2  
  93  6:41  Mutalisk x6  
  93  6:42  Mutalisk  
  93  6:46  Mutalisk  
  107  6:47  Mutalisk  
  107  6:49  Mutalisk  
  107  6:53  Zergling x2  
  107  6:54  Zergling x4  
  116  6:55  Baneling x3  
  116  6:58  Zergling x2  
  116  6:59  Zergling x4  
  119  7:03  Zergling x10  
  116  7:16  Mutalisk x5  
  124  7:23  Zergling x6  
  124  7:24  Zerg Melee Weapons Level 1  
  126  7:38  Zerg Ground Armor Level 1  
  126  7:40  Drone  
  126  7:41  Drone x3  
  127  7:51  Mutalisk x3  
  123  7:53  Drone  
  125  7:59  Hatchery  
  125  8:00  Zergling x20  
  125  8:03  Zergling x2  
  127  8:06  Drone  
  127  8:07  Drone x2  
  129  8:15  Zergling x6  
  129  8:16  Zerg Flyer Weapons Level 1  
  129  8:19  Zergling x2  
  133  8:21  Extractor, Baneling  
  133  8:22  Baneling x12  
  133  8:23  Extractor  
  133  8:24  Zergling x2  
  133  8:25  Zergling x4  
  134  8:29  Zergling x2  
  135  8:41  Baneling x4  
  135  8:44  Zergling x2  
  135  8:45  Zergling x10  
  129  8:52  Zergling x20  
  129  8:54  Baneling x5  
  123  9:06  Overlord x5  
  114  9:21  Mutalisk x7  
  119  9:27  Zergling x12  
  119  9:28  Hatchery  
  124  9:33  Zerg Ground Armor Level 2  
  124  9:38  Mutalisk  
  124  9:41  Zergling x2  
  124  9:42  Zergling x4  
  124  9:43  Baneling x6  
  124  9:45  Zergling x2  
  130  9:53  Overseer  
  130  9:56  Zergling x20  
  130  9:59  Hatchery  
  138  10:00  Baneling x4  
  138  10:03  Zergling x4  
  140  10:07  Zergling x2  
  140  10:08  Zergling x4  
  143  10:22  Mutalisk x4  
  143  10:23  Mutalisk  
  143  10:24  Zergling x2  
  143  10:25  Zergling x8  
  158  10:29  Overlord x3  
  157  10:38  Zerg Melee Weapons Level 2  
  157  10:41  Zergling x8  
  143  10:54  Mutalisk x3  
  143  10:56  Zergling x14  
  153  11:00  Baneling x6  
  146  11:05  Zergling x6  
  146  11:08  Zergling x2  
  146  11:10  Baneling x5  
  150  11:11  Zergling x2  
  150  11:12  Zergling x4  
  150  11:16  Zergling x6  
  156  11:21  Zergling x4  
  156  11:22  Zergling x4  
  160  11:27  Zergling x2  
  160  11:32  Zergling x6  
  164  11:33  Baneling x3  
  164  11:34  Baneling  
  143  11:47  Mutalisk x5  
  143  11:51  Zergling x2  
  143  11:52  Zergling x20  
  138  11:58  Mutalisk  
  129  12:02  Zergling x2  
  129  12:03  Zergling x2  
  129  12:07  Zergling x2  
  129  12:08  Queen, Zergling x4  
  126  12:20  Mutalisk x4  
  132  12:24  Zergling x2  
  132  12:25  Zergling x8  
  132  12:27  Zergling x2  
  124  12:33  Mutalisk x2  
  129  12:37  Zergling x6  
  129  12:43  Mutalisk x2  
  135  12:46  Baneling x4, Zergling x12  
  135  12:47  Zergling x8  
  135  12:48  Extractor  
  135  12:49  Extractor  
Tags
 
Add a new tag
Caveats
  • Supply blocks, unpowered buildings, or Contaminate may cause inaccurate times.
  • Supply counts are checked every 10 seconds.